[Event "Grand Prix Romania 1st Stage 2024"]
[Site "Bucuresti"]
[Date "2024.03.23"]
[Round "1.14"]
[White "Filip, Gabriel"]
[Black "Bologan, Victor"]
[Result "0-1"]
[ECO "B22"]
[WhiteElo "1674"]
[BlackElo "2594"]
[Annotator "TA"]
[PlyCount "64"]
[EventDate "2024.03.20"]
[EventCountry "ROU"]
[SourceTitle "playchess.com"]
[Source "ChessBase"]
[SourceQuality "1"]
[TimeControl "900+5"]

1. e4 c5 2. c3 Nf6 3. e5 Nd5 4. Nf3 g6 5. d4 cxd4 6. cxd4 Bg7 7. Bc4 Nb6 8. Bb3 d6 9. O-O O-O 10. Bf4 Bg4 {[%emt 0:00:36] The position is equal.} 11. h3 Bxf3 (11... dxe5 {simplifies} 12. Bxe5 Bxe5 13. hxg4 Bg7) 12. Qxf3 Nc6 13. Qe4 dxe5 14. dxe5 Qd4 15. Qxd4 Nxd4 16. Bd1 {[%emt 0:00:29] Inhibits Ne2+. Black converts the advantage convincingly.} (16. Nc3 $11) 16... Nc4 $17 17. Nc3 Rfd8 {[%emt 0:00:40] Black has more active pieces. The white rooks are passive.} ({Don't take} 17... Nxb2 18. Bg5 $17) 18. Re1 (18. Rb1 $17 {is a better defense.}) 18... Nxb2 $19 {[%emt 0:00:06] [#] ...Nd3 is the strong threat. A dynamic duo of knights.} 19. Rb1 Nd3 20. Re4 Nxf4 21. Rxf4 Bxe5 22. Re4 Bf6 23. Ne2 Nf5 24. Nf4 Rd2 25. Bf3 Rad8 26. Rxb7 (26. a4 $142) 26... Nd6 {[%emt 0:00:07] Black is clearly winning.} ({Don't play} 26... Rxa2 27. Rb1 $19) 27. Rexe7 Nxb7 28. Rxb7 Be5 29. g3 Bxf4 30. gxf4 Rxa2 31. Rb1 Rdd2 32. Rf1 a5 {[%emt 0:00:03] Weighted Error Value: White=0.52/Black=0.04 (flawless) .  Mistake:       	White=3     	---        Inaccurate:     	White=2     	---        OK:         	White=5     	Black=18     Best:        	---       	Black=1} 0-1

[Event "Grand Prix Romania 1st Stage 2024"]
[Site "Bucuresti"]
[Date "2024.03.23"]
[Round "1.15"]
[White "Kozak, Adam"]
[Black "Sprincean, Lukas George"]
[Result "1-0"]
[ECO "A14"]
[WhiteElo "2607"]
[BlackElo "1865"]
[Annotator "TA"]
[PlyCount "57"]
[EventDate "2024.03.20"]
[EventCountry "ROU"]
[SourceTitle "playchess.com"]
[Source "ChessBase"]
[SourceQuality "1"]
[TimeControl "900+5"]

1. Nf3 Nf6 2. g3 d5 3. Bg2 e6 4. O-O Be7 5. c4 O-O 6. b3 c6 7. Bb2 a5 8. d4 a4 9. Nbd2 b5 10. c5 {[%emt 0:00:28] White is slightly better.} Qa5 11. Re1 (11. a3 $14) 11... Nbd7 (11... a3 $11 12. Bc1 Ne4) 12. Qc2 $14 Ba6 {[%emt 0:02:14] [#]} 13. b4 $1 Qc7 (13... Qxb4 $2 14. Bc3 Bxc5 (14... Qa3 $2 15. Nb1 $18) 15. Bxb4 $18 (15. a3 Qxa3 16. Rxa3 Bxa3 $18)) (13... Qd8 14. a3) 14. a3 Rfe8 15. Rad1 Bf8 16. Ne5 g6 17. Nd3 {[%emt 0:00:58] White has more active pieces.} Bg7 18. f3 Rad8 19. e4 dxe4 20. fxe4 (20. Nxe4 $6 Nd5 $16) 20... e5 21. d5 (21. Nxe5 $6 Nxe5 22. dxe5 Ng4 $14) (21. dxe5 Ng4 $16) 21... cxd5 (21... Bc8 $142 22. h3 h6) 22. exd5 $18 Rc8 23. Qb1 (23. d6 $6 Qxd6 24. Ne4 (24. Nc4 Qf8 $18) 24... Qc7 $16 (24... Nxe4 $2 25. Nf2 $18)) 23... Qa7 24. Nf2 ({Less strong is} 24. Bxe5 Nxe5 25. Rxe5 (25. Nxe5 Nxd5 26. Bxd5 Rxe5 $16) 25... Rxe5 26. Nxe5 Nxd5 $16) (24. Nxe5 Nxc5 25. bxc5 Qxc5+ 26. Kh1 Bb7) 24... h5 (24... Bf8 {is a better defense.} 25. d6 (25. Nde4 Nxe4 26. Qxe4 Nxc5 $18) 25... Bb7) 25. Nde4 Nxe4 26. Nxe4 (26. Rxe4 Nxc5 27. bxc5 Qxc5 $18) 26... Nf6 (26... Rcd8 $142 27. Qc1 Nf8) 27. d6 {[%emt 0:00:14] [#] Nxf6+ would now be deadly. White is clearly winning.} ({Not} 27. Nd6 Rxc5 28. Nxe8 Rc8+ $16) 27... Bb7 (27... Nd7 $142 28. Qd3 Rf8) 28. Nxf6+ Bxf6 29. d7 {[%emt 0:00:01] Weighted Error Value: White=0.16 (very precise) /Black=0.39.  Mistake:       	White=1     	Black=5      Inaccurate:     	---       	Black=3      OK:         	White=9     	Black=5      Best:        	---       	Black=1} 1-0

[Event "Grand Prix Romania 1st Stage 2024"]
[Site "Bucuresti"]
[Date "2024.03.23"]
[Round "1.16"]
[White "Mihalea, Stefan"]
[Black "Gavrilescu, David"]
[Result "0-1"]
[ECO "B13"]
[WhiteElo "1686"]
[BlackElo "2524"]
[Annotator "TA"]
[PlyCount "58"]
[EventDate "2024.03.20"]
[EventCountry "ROU"]
[SourceTitle "playchess.com"]
[Source "ChessBase"]
[SourceQuality "1"]
[TimeControl "900+5"]

1. d4 d5 2. Bf4 c5 3. e3 cxd4 4. exd4 Nc6 5. Nf3 Bg4 6. Be2 e6 7. c3 Bd6 8. Bg3 {[%emt 0:00:09] Die Stellung ist ausgeglichen.} Nge7 9. Nbd2 f6 10. h3 (10. Nh4 $11 Bxe2 11. Qxe2) 10... Bxf3 $15 11. gxf3 Nf5 12. Bxd6 Qxd6 13. Rg1 (13. h4 $15) 13... g5 (13... Qh2 $17 14. Rf1 Nh4 (14... Qxh3 15. Bd3 $17)) 14. Nf1 (14. Qa4 $15) 14... Nh4 15. Qd2 Ne7 16. O-O-O (16. f4 $142) 16... Neg6 $17 17. Re1 (17. Kb1 $17 {ist wohl besser.}) 17... Kf7 18. Ne3 Nf4 19. Rg3 Rab8 20. Bd3 {[%emt 0:01:01] [#]} (20. Kb1 {kämpft weiter.}) 20... b5 ({Vorzuziehen ist} 20... Nh5 $1 $19 21. Reg1 Nxg3 22. Rxg3 b5) 21. Reg1 (21. Nc2 $17) 21... b4 {[%emt 0:00:05] Droht ...bxc3 und aus.} 22. Kb1 $2 (22. c4) 22... bxc3 $19 23. Qxc3 Rhc8 24. Qd2 {[%emt 0:00:25] [#]} Rxb2+ $3 25. Qxb2 (25. Kxb2 Qb6+) 25... Nxd3 {[%emt 0:00:02] Aktives Gegenspiel! Ein dynamisches Springerpaar.} 26. Qb7+ Rc7 27. Qb5 Qa3 28. Nc2 Qc3 29. f4 (29. Qb3 $19 Qd2 (29... Nxf2 $2 30. Qxc3 Rxc3 31. f4 $19) 30. Rh1) 29... Qxc2+ {[%emt 0:00:03] Gewichteter Fehlerwert: Weiß=0.72/Schwarz=0.18 (sehr präzise) .  Fehler:       	Weiß=9     	Schwarz=2     Ungenau:       	---       	Schwarz=2     OK:         	Weiß=4     	Schwarz=13    Bester:       	Weiß=1     	Schwarz=1} 0-1

[Event "Grand Prix Romania 1st Stage 2024"]
[Site "Bucuresti"]
[Date "2024.03.23"]
[Round "1.17"]
[White "Lupulescu, Constantin"]
[Black "Savu, Vicentiu-Dorian"]
[Result "1-0"]
[ECO "B38"]
[WhiteElo "2579"]
[BlackElo "1760"]
[Annotator "TA"]
[PlyCount "77"]
[EventDate "2024.03.20"]
[EventCountry "ROU"]
[SourceTitle "playchess.com"]
[Source "ChessBase"]
[SourceQuality "1"]
[TimeControl "900+5"]

1. c4 c5 2. Nf3 Nc6 3. d4 cxd4 4. Nxd4 Nf6 5. Nc3 d6 6. e4 g6 7. Be2 Bg7 8. Be3 O-O 9. O-O Nxd4 10. Bxd4 b6 11. Qc2 Bb7 12. f3 Rc8 13. Rfd1 {[%emt 0:00:04] Weiß steht besser.} Nd7 14. Be3 Ne5 15. b3 Nc6 16. Qd2 f5 17. exf5 gxf5 18. f4 Rf6 19. Bf3 Na5 (19... Qd7 $16) 20. Bxb7 Nxb7 21. Qd5+ (21. Bd4 $142) 21... Rf7 22. Qxb7 {[%emt 0:00:14][%cal Oa1c1] [#] Rac1! wäre nun fies.} Bxc3 23. Rac1 Rc7 24. Qd5 Bb4 25. Rd3 {[%emt 0:00:23] Weiß steht deutlich aktiver.} (25. Bd2 {vereinfacht} Rc5 26. Qd4 Bxd2 27. Rxd2 Qd7 28. Re1) 25... Qd7 26. Bd4 (26. Bd2 {vereinfacht} e6 27. Qf3 Bxd2 28. Rxd2 Qc6 29. Qe2) 26... Rc5 $2 {[%emt 0:00:06][%mdl 8192] Danach kann Schwarz die Partie nicht mehr halten.} 27. Rg3+ Kf8 28. Bxc5 Bxc5+ 29. Kh1 Qc8 {[%emt 0:00:08] Wehrt Qa8 ab} 30. Rf1 e6 31. Qd3 {[%emt 0:00:01] [#] Schwarz muss nun Qc3 beachten.} Ke7 32. Qc3 a5 33. Rg7 Bb4 (33... Qf8 $142) 34. Qb2 {[%emt 0:00:14] Weiß steht klar auf Gewinn.} Qf8 (34... Bc5 $142 35. Rf3 Qf8) 35. Rxf7+ $18 Qxf7 36. a3 Bc5 37. b4 axb4 38. axb4 Be3 39. Qc3 {[%emt 0:00:01] Gewichteter Fehlerwert: Weiß=0.20 (präzise) /Schwarz=0.51.  Verlustzug:     	---       	Schwarz=1     Fehler:       	Weiß=1     	Schwarz=3     OK:         	Weiß=8     	Schwarz=6     Bester:       	Weiß=1     	---} (39. Ra1 $142 e5 40. Ra7+ (40. fxe5 Qf8 $18) 40... Ke8 41. Rxf7 Kxf7 42. fxe5) 1-0

[Event "Grand Prix Romania 1st Stage 2024"]
[Site "Bucuresti"]
[Date "2024.03.23"]
[Round "1.18"]
[White "Lazarescu, Florin-Dan"]
[Black "Moroni, Luca Jr"]
[Result "0-1"]
[ECO "A41"]
[WhiteElo "1743"]
[BlackElo "2580"]
[Annotator "TA"]
[PlyCount "60"]
[EventDate "2024.03.20"]
[EventCountry "ROU"]
[SourceTitle "playchess.com"]
[Source "ChessBase"]
[SourceQuality "1"]
[TimeControl "900+5"]

1. d4 g6 2. c4 Bg7 3. Nf3 d6 4. g3 Bd7 5. Bg2 Qc8 6. O-O Nc6 7. e3 Bh3 8. Nc3 {[%emt 0:00:18] White is slightly better.} h5 9. Ng5 Bxg2 10. Kxg2 h4 11. e4 $2 {[%emt 0:00:35] [#]} (11. g4 $11) 11... Bxd4 $17 {[%emt 0:00:26] Threatens to win with ...hxg3.} 12. Qf3 (12. Nd5 $17 {is tougher.}) 12... Ne5 13. Qe2 f6 14. Nf3 h3+ 15. Kg1 Bxc3 16. bxc3 Qg4 17. Nd4 Qxe2 18. Nxe2 Nxc4 19. Nd4 Kd7 20. Rb1 b6 21. Rb4 Ne5 {[%emt 0:00:18][%cal Bc4e5,Be5f3,Bf3h2,Bh2g4,Bg4f2][%mdl 32] [#] ...c5 is the strong threat.} 22. Rb1 c5 23. Ne2 Nf3+ 24. Kh1 Nh6 {[%emt 0:00:05] aiming for ...Ng4.} 25. Nf4 $2 (25. Ng1 Ne5 26. Bf4) 25... g5 $19 {[%emt 0:00:26] Black is clearly winning.} 26. Nd5 Ng4 27. Ne3 Nfxh2 28. Rd1 Nxe3 (28... Nxf2+ 29. Kxh2 Nxd1 (29... Nxe4 $2 30. Rb3 $19) 30. Nxd1 $19) 29. Bxe3 Ng4 30. Bc1 Nxf2+ {[%emt 0:00:04] Black took control after the opening.   Weighted Error Value: White=0.70/Black=0.18 (very precise) .  Loses game:     	White=1     	---        Mistake:       	White=2     	---        Inaccurate:     	White=1     	Black=1      OK:         	White=5     	Black=16     Best:        	---       	Black=2} 0-1

[Event "Grand Prix Romania 1st Stage 2024"]
[Site "Bucuresti"]
[Date "2024.03.23"]
[Round "1.19"]
[White "Jianu, Vlad-Cristian"]
[Black "Savu, Victor-Xavier"]
[Result "1-0"]
[ECO "E01"]
[WhiteElo "2491"]
[BlackElo "1801"]
[Annotator "TA"]
[PlyCount "115"]
[EventDate "2024.03.20"]
[EventCountry "ROU"]
[SourceTitle "playchess.com"]
[Source "ChessBase"]
[SourceQuality "1"]
[TimeControl "900+5"]

1. d4 d5 2. Nf3 Nf6 3. g3 e6 4. Bg2 Bd6 5. O-O O-O 6. c4 c6 7. Nc3 Nbd7 8. Nd2 Re8 9. e4 {[%emt 0:00:03] Black must now prevent e5.} dxe4 10. Ndxe4 Nxe4 11. Nxe4 {[%emt 0:00:02] White is better.} Be7 12. Be3 Nf6 13. Nc3 Bd7 14. Re1 Rc8 15. h3 Bd6 16. Qd2 Qc7 17. Rad1 Rcd8 18. Bg5 Be7 19. a3 a6 20. Qe2 h6 21. Bf4 Bd6 22. Be5 Bxe5 (22... Bc8 $142) 23. dxe5 $16 ({Don't do} 23. Qxe5 Rc8 $14) 23... Nh7 24. Rd6 $36 {[%emt 0:00:51][%mdl 2048] White is on the roll. White is much more active.} Bc8 25. Red1 {[%emt 0:00:18] [#] And now Qd2 would win.} Rd7 (25... Rxd6 $16 26. exd6 Qd8) 26. Rxd7 Bxd7 27. Ne4 Rd8 28. Nd6 Nf8 29. Be4 Bc8 (29... Be8 $16 30. b4 f5) 30. Qe3 Nd7 31. f4 {[%emt 0:00:10] Black is weak on the light squares} Qb6 32. Qf2 {[%emt 0:00:54] [#] Hoping for Nxc8.} Qxf2+ 33. Kxf2 {[%emt 0:00:01] Nxc8 is the strong threat.} Nb8 (33... Nc5 $142) 34. c5 Kf8 (34... a5 {was worth a try.} 35. Bd3 Kf8) 35. Rd4 $18 Ke7 36. Rb4 a5 (36... Nd7 $142 37. Nxb7 Bxb7) 37. Nxc8+ Rxc8 38. Rxb7+ {[%emt 0:00:01][%mdl 4096] Endgame. KRB-KRN} Nd7 39. Ra7 a4 40. Ke3 Kd8 41. Kd4 Rc7 42. Rxa4 Rb7 (42... Nb8 $142 43. Kc4 Kd7) 43. b4 Kc7 44. Ra8 Nb8 45. Kc4 Kc8 46. Bxc6 Rc7 47. b5 f6 48. a4 {[%emt 0:00:18][%cal Ba3a4,Ba4a5,Ba5a6][%mdl 32] White wants to mate with a5.} fxe5 49. fxe5 {[%emt 0:00:01] White mates.} Rf7 50. a5 Rf1 51. a6 Rc1+ 52. Kb4 Kc7 53. Ra7+ Kc8 54. Bb7+ Kc7 55. Bd5+ Kd8 56. Bxe6 Rb1+ 57. Ka5 Re1 58. Rxg7 {[%emt 0:00:11] Weighted Error Value: White=0.15 (very precise) /Black=0.51.  Mistake:       	---       	Black=7      Inaccurate:     	White=3     	Black=3      OK:         	White=12    	Black=5      Best:        	White=1     	---} 1-0

[Event "Grand Prix Romania 1st Stage 2024"]
[Site "Bucuresti"]
[Date "2024.03.23"]
[Round "1.20"]
[White "Donici-Maier, David"]
[Black "Parligras, Mircea-Emilian"]
[Result "0-1"]
[ECO "B87"]
[WhiteElo "1883"]
[BlackElo "2543"]
[Annotator "TA"]
[PlyCount "104"]
[EventDate "2024.03.20"]
[EventCountry "ROU"]
[SourceTitle "playchess.com"]
[Source "ChessBase"]
[SourceQuality "1"]
[TimeControl "900+5"]

1. e4 c5 2. Nf3 d6 3. d4 cxd4 4. Nxd4 Nf6 5. Nc3 a6 6. Bc4 e6 7. Bb3 b5 8. O-O Be7 9. f4 O-O 10. Kh1 b4 11. Na4 Nxe4 {[%emt 0:00:14] Threatening ...Bb7.} 12. Be3 (12. f5 $11 d5 13. fxe6 fxe6 14. Rxf8+ Bxf8 15. Be3) 12... Nc5 {[%emt 0:00:39] Black is better.} (12... Bb7 {is more complex.} 13. f5 e5 14. f6 exd4 15. fxe7 Qxe7 16. Qxd4 Nc6) 13. Nxc5 (13. c4 $142) 13... dxc5 $17 14. Qf3 $2 (14. Nf3 $17) 14... Ra7 $2 (14... cxd4 $19 {is more deadly.} 15. Qxa8 Qc7 (15... dxe3 16. Qxb8 e2 17. Rfe1 $15)) 15. Ne2 Bb7 16. Qg4 Nd7 17. Rad1 Nf6 18. Rxd8 Nxg4 19. Rxf8+ Kxf8 20. Bg1 g6 21. Nc1 Be4 {[%emt 0:02:15] Black is more active.} 22. Nd3 Rc7 {[%emt 0:00:09] [#] And now ...c4 would win.} 23. Bc4 a5 24. Re1 Nf6 25. h3 h5 26. Bf2 Bd5 27. Ne5 Ne4 28. Kg1 Nxf2 29. Kxf2 Bf6 {[%emt 0:00:07] [#] ...Bxe5 would now be deadly.} 30. Bxd5 exd5 31. Rd1 (31. b3 $17) 31... Bxe5 $19 32. fxe5 {[%emt 0:00:02][%mdl 4096] Endgame. KR-KR} Rd7 33. Kf3 (33. Ke3 $142) 33... Ke7 34. g4 hxg4+ 35. Kxg4 Ke6 36. Kf4 Rd8 37. c3 Rh8 38. cxb4 (38. Kg4 {keeps fighting.}) 38... axb4 39. Kg4 Rh5 40. a3 bxa3 41. bxa3 Rxe5 42. Rb1 Re4+ 43. Kg5 Re3 44. Rb6+ Ke5 45. a4 Rxh3 46. a5 Rg3+ 47. Kh4 Ra3 {[%emt 0:00:02][%cal Oe5f5] ( -> ...Kf5!)} 48. a6 d4 {[%emt 0:00:17] Black mates.} 49. Rb7 Rxa6 50. Rxf7 d3 51. Re7+ Kd4 52. Rd7+ Ke5 $2 {[%emt 0:02:55][%mdl 32768] Weighted Error Value: White=0.66/Black=0.18 (very precise) .  Loses game:     	White=1     	---        Missed win:     	---       	Black=1      Mistake:       	White=5     	---        Inaccurate:     	White=2     	Black=1      OK:         	White=7     	Black=12     Best:        	White=3     	Black=2     . Sensor Board Error (Ke4/e5)?} (52... Ke4 {mates} 53. Rh7 d2 54. Rd7 Ke3 55. Kg5 Re6 56. Kh6 Ke2 57. Kg7 d1=Q (57... d1=B $2 58. Rc7 $19) 58. Rxd1 Kxd1 59. Kf7 Ra6 60. Kg7 c4 61. Kh6 c3 62. Kg5 c2 63. Kg4 c1=Q (63... c1=B {leads to mate.} 64. Kf3 Ra4 65. Kf2 Rf4+ 66. Kg3 Ke2 67. Kg2 g5 68. Kg1 Kf3 69. Kf1 Rg4 70. Ke1 Rg1#) 64. Kf3 Ra3+ 65. Kg2 Qg5+ 66. Kh2 Qg4 67. Kh1 Rh3#) 0-1

[Event "Grand Prix Romania 1st Stage 2024"]
[Site "Bucuresti"]
[Date "2024.03.23"]
[Round "1.21"]
[White "Zajic, Milan"]
[Black "Hristova, Ivelina"]
[Result "1-0"]
[ECO "B31"]
[WhiteElo "2436"]
[BlackElo "1809"]
[Annotator "TA"]
[PlyCount "88"]
[EventDate "2024.03.20"]
[EventCountry "ROU"]
[SourceTitle "playchess.com"]
[Source "ChessBase"]
[SourceQuality "1"]
[TimeControl "900+5"]

1. e4 c5 2. Nf3 Nc6 3. Bb5 g6 4. O-O Bg7 5. c3 e5 6. d4 cxd4 7. cxd4 Nxd4 8. Nxd4 exd4 9. Bf4 Ne7 10. Qc2 (10. Nd2 $14) 10... Qb6 $11 11. Na3 {[%emt 0:00:22] Black must now prevent Nc4.} O-O $1 {[%emt 0:00:57] Black has an edge.} 12. Rac1 Nc6 (12... d6 $11) 13. Bd6 $14 {[%emt 0:00:33][%mdl 1024] White has compensation.} Re8 (13... Rd8 $14) 14. Bc5 $2 {[%emt 0:02:08] White is more active.} (14. Bc4 $1 $16 {and life is bright.}) 14... Qd8 $17 {[%emt 0:02:00] aiming for ...d6.} 15. Rfd1 (15. Nc4 $15 Re6 16. Nd6) 15... b6 16. Bd6 Bb7 17. Re1 a6 18. Bf1 Re6 19. Bg3 Qe7 ({Black should play} 19... b5 20. Qb3 d5 21. Qxd5 (21. exd5 Rxe1 22. Rxe1 Na5 $17) 21... d3) 20. Nc4 {[%emt 0:00:15] [#]} d5 $1 21. Nxb6 dxe4 (21... Nb4 $1 $15 22. Qc7 Qxc7 23. Bxc7 Rae8) 22. Nxa8 $11 Bxa8 {[%emt 0:00:03] [#]} (22... d3 $1 $11 {keeps the balance.} 23. Bxd3 exd3 24. Rxe6 Qxe6 25. Qxd3 Bxa8 (25... Nd4 $2 26. Nc7 $18)) 23. Bc4 $1 $16 Nb4 $2 (23... d3 $16 24. Qd2 h5 25. Bxe6 Qxe6) 24. Qb3 $18 Rc6 25. a3 d3 {[%emt 0:00:07] [#]} 26. Red1 (26. Qxb4 Qxb4 27. axb4 d2 $11) (26. axb4 d2 $14) (26. Bf4 $1 $18 Nc2 27. Bd5 (27. Qb8+ Qf8 $16) 27... Nxe1 28. Bxc6) 26... Nc2 $14 27. Bd5 Rc8 $36 {[%emt 0:00:09][%mdl 2048] Inhibits Qb8. ...Bh6 would now be deadly. Black is more active.} 28. Bxa8 Rxa8 29. Rxc2 dxc2 30. Qxc2 Qb7 31. b4 Rc8 32. Qd2 Qc6 33. h3 h5 34. Qd6 Qc4 35. Qe7 Qe6 36. Qxe6 fxe6 {[%emt 0:00:01][%mdl 4096] Endgame. KRB-KRB} 37. h4 Rc6 38. Rd7 (38. Bf4 $14) 38... Bb2 $11 39. a4 Rb6 40. Bd6 {[%emt 0:00:06] Threatens to win with Bc5.} Ba3 41. Bc5 Rc6 ({Better is} 41... Rb8 $1 $14) 42. a5 $18 e5 43. Kf1 Rf6 44. Ke2 Rf7 {[%emt 0:00:15] What a bad dream for Black.   Weighted Error Value: White=0.30/Black=0.44.  Loses game:     	---       	Black=2      Missed win:     	White=1     	---        Mistake:       	White=4     	Black=6      Inaccurate:     	White=4     	Black=3      OK:         	White=18    	Black=14     Best:        	White=2     	---        Strong:       	---       	Black=1} (44... Bb2 $142 45. Ke3 Bd4+ 46. Bxd4 (46. Kxe4 Rf4+ 47. Kd3 Rf6 $18) 46... exd4+ 47. Kxe4 (47. Rxd4 Kf7 $18) 47... d3) 1-0

[Event "Grand Prix Romania 1st Stage 2024"]
[Site "Bucuresti"]
[Date "2024.03.23"]
[Round "1.22"]
[White "Stanica, Andrei"]
[Black "Grigore, George-Gabriel"]
[Result "0-1"]
[ECO "B22"]
[WhiteElo "1867"]
[BlackElo "2423"]
[Annotator "TA"]
[PlyCount "140"]
[EventDate "2024.03.20"]
[EventCountry "ROU"]
[SourceTitle "playchess.com"]
[Source "ChessBase"]
[SourceQuality "1"]
[TimeControl "900+5"]

1. e4 c5 2. c3 d5 3. exd5 Qxd5 4. d4 Nc6 5. Nf3 Nf6 6. Be3 cxd4 7. cxd4 e6 8. Nc3 Qd6 9. a3 Be7 10. Bd3 O-O 11. O-O b6 12. Qe2 Bb7 13. Rad1 Rad8 14. Rfe1 Rfe8 15. Bb1 h6 16. h3 Bf8 17. Bc1 {[%emt 0:04:30] Die Stellung ist ausgeglichen.} Ne7 18. Qc2 (18. Ne5 $11) 18... Bxf3 $17 19. gxf3 Ned5 20. Ne4 Qb8 21. Kh1 Rc8 22. Qd3 g6 23. Nxf6+ Nxf6 24. Qe3 Bg7 25. Qe5 Nd5 26. Qxb8 Rxb8 27. Ba2 Red8 28. Be3 Rbc8 29. Rc1 Ne7 30. Rxc8 Rxc8 31. Rd1 Nd5 32. Rd2 {[%emt 0:01:24] Gegen Rc2 gerichtet.} f5 33. f4 Kf7 34. Kg2 Bf8 {[%emt 0:00:09] Schwarz steht deutlich aktiver.} 35. Kf3 Bd6 36. Bxd5 exd5 $15 {[%emt 0:00:02][%mdl 4096] Endspiel. KRB-KRB} 37. Ke2 Ke6 38. Rd1 Rc2+ 39. Rd2 Rc4 40. Rd1 b5 41. Kd3 a5 42. Rc1 a4 43. Rxc4 (43. Re1 $15) 43... dxc4+ {[%emt 0:00:01] KB-KB} 44. Kc3 Kd5 {[%emt 0:00:04] [#] Droht stark ...Ke4.} 45. f3 Be7 46. Bf2 Kc6 47. Be1 g5 48. Bd2 gxf4 49. Bxf4 h5 50. Bg3 Kd5 51. Bf4 Bf6 52. Be3 Kc6 53. Bf4 Bh4 54. Be5 (54. Be3 $17) 54... Be1+ $19 55. Kc2 Kd5 56. Kd1 $2 (56. Bf6) 56... Bf2 57. Bf4 Bxd4 58. Kc2 Kc5 59. Bb8 Kc6 60. Bf4 Kb6 61. Bg3 Kc5 (61... Bf6 $142 62. Be1 Kc7) 62. Bb8 $1 Bf6 {[%emt 0:00:03][%cal Oc4c3] ...c3! wäre nun fies.} 63. Bf4 $2 {[%emt 0:00:05] [#]} (63. Ba7+ Kd5 64. Be3) 63... c3 $1 64. bxc3 Kc4 65. Bd2 Be7 66. Kb2 Kd3 67. Be1 Bf6 68. Bf2 Bxc3+ 69. Ka2 Ke2 70. Bc5 Kxf3 {[%emt 0:00:01] Gewichteter Fehlerwert: Weiß=0.30/Schwarz=0.17 (sehr präzise) .  Fehler:       	Weiß=5     	Schwarz=1     Ungenau:       	Weiß=3     	Schwarz=1     OK:         	Weiß=15    	Schwarz=13    Bester:       	Weiß=5     	Schwarz=4     Stark:        	Weiß=1     	---        Brilliant:      	---       	Schwarz=1} 0-1

[Event "Grand Prix Romania 1st Stage 2024"]
[Site "Bucuresti"]
[Date "2024.03.23"]
[Round "1.24"]
[White "Petculescu, Diana-Silvana"]
[Black "Mikhalevski, Victor"]
[Result "0-1"]
[ECO "C45"]
[WhiteElo "1734"]
[BlackElo "2514"]
[Annotator "TA"]
[PlyCount "36"]
[EventDate "2024.03.20"]
[EventCountry "ROU"]
[SourceTitle "playchess.com"]
[Source "ChessBase"]
[SourceQuality "1"]
[TimeControl "900+5"]

1. e4 e5 2. Nf3 Nc6 3. d4 exd4 4. Nxd4 Nf6 5. Nxc6 bxc6 6. e5 Qe7 7. Qe2 Nd5 8. c4 Nb6 9. Nc3 a5 10. a4 (10. f4 $11) 10... Qb4 $17 11. Qe4 Ba6 12. c5 Bxf1 (12... Qxc5 13. Bxa6 Rxa6 14. O-O $17) 13. Rxf1 (13. cxb6 Qxe4+ 14. Nxe4 Bxg2 $19) (13. Qxb4 $17 axb4 14. cxb6 Bxg2 15. b7) 13... Bxc5 $19 {[%emt 0:00:13] White must now prevent ...Bd4.} ({Don't take} 13... Qxc5 14. f4) 14. Qf3 $2 (14. Qxb4 {was called for.} axb4 15. Ne4) 14... Nc4 15. Qe2 Bd4 {[%emt 0:00:36][%cal Oc4b2] [#] Hoping for ...Nxb2!} 16. Bd2 Nxd2 ({Stronger than} 16... Qxb2 17. Qxc4 Qxa1+ 18. Ke2 Bxc3 19. Rxa1 Bxa1 20. Qc5 $11) ({Worse is} 16... Bxe5 17. f4 $14) 17. Qxd2 Bxe5 18. Qe2 {[%emt 0:00:16] [#]} (18. f4 {is a better defense.} Bf6 19. Qe3+ Kf8 20. O-O-O) 18... O-O $1 {[%emt 0:00:06][%csl LRc3,LRh2] White did not feel at home in the position after the opening.   Weighted Error Value: White=0.78/Black=0.08 (flawless) .  Mistake:       	White=4     	---        OK:         	White=2     	Black=7} 0-1